 Dungeon Crawl Stone Soup version 0.25.1-2-g60ff931df9 (webtiles) character file.

Game seed: 1145660762397110445

231 DogServant the Insei (level 6, -3/38 HPs)
             Began as an Octopode Transmuter on Oct 17, 2020.
             Was a Follower of Uskayaw.
             Slain by an orc
             ... wielding a +0 club
              (4 damage)
             ... on level 3 of the Dungeon.
             The game lasted 00:06:03 (2919 turns).

DogServant the Insei (Octopode Transmuter)          Turns: 2919, Time: 00:06:04

Health: -3/38      AC:  1    Str:  9    XL:     6   Next: 3%
Magic:  6/9        EV: 13    Int: 15    God:    Uskayaw [*.....]
Gold:   116        SH:  0    Dex: 15    Spells: 3/9 levels left

rFire    . . .     SeeInvis .     - Unarmed
rCold    . . .     Gourm    .   (no shield)
rNeg     . . .     Faith    .   (helmet restricted)
rPois    .         Spirit   .   h - amulet of the acrobat
rElec    .         Reflect  .   (no ring)
rCorr    .         Harm     .   (no ring)
MR       .....                  (no ring)
Stlth    ++........             (no ring)
HPRegen  0.12/turn              (no ring)
MPRegen  0.11/turn              (no ring)
                                (no ring)
                                (no ring)

@: confused
A: almost no armour, stealthy swim, amphibious, 8 rings, constrict 8, camouflage
1, gelatinous body 1
a: Stomp, Renounce Religion


You were on level 3 of the Dungeon.
You worshipped Uskayaw.
Uskayaw was noncommittal.
You were not hungry.

You visited 1 branch of the dungeon, and saw 3 of its levels.

You collected 116 gold pieces.

Inventory:

Missiles
 a - 26 arrows
 f - 12 poisoned darts (quivered)
Jewellery
 h - an amulet of the acrobat (around mantle)
Scrolls
 b - a scroll of teleportation
 i - 3 scrolls of identify
Comestibles
 c - 4 rations
 g - 8 chunks of flesh


   Skills:
 - Level 1.0 Fighting
 - Level 2.0 Dodging
 + Level 5.0 Unarmed Combat
 - Level 2.0 Spellcasting
 + Level 4.4 Transmutations


You had 3 spell levels left.
You knew the following spells:

 Your Spells              Type           Power        Failure   Level  Hunger
a - Beastly Appendage     Tmut           ##....       3%          1    #......
b - Sticks to Snakes      Tmut           ##......     5%          2    ###....
c - Spider Form           Tmut/Pois      #.........   26%         3    ###....

Your spell library contained the following spells:

 Spells                   Type           Power        Failure   Level  Hunger
 Ice Form                 Ice/Tmut       #.......     65%         4    #####..
 Blade Hands              Tmut           ##........   69%         5    ######.


Dungeon Overview and Level Annotations

Branches:
Dungeon (3/15)

Altars:
Cheibriados
Qazlal
Ru
Uskayaw

Annotations:
D:3 Natasha


Innate Abilities, Weirdness & Mutations

You cannot wear most types of armour.
You are very stealthy in the water. (Stealth+)
You are amphibious.
You can wear up to eight rings at the same time.
You can use your tentacles to constrict eight enemies at once.
Your skin changes colour to match your surroundings (Stealth+).
Your rubbery body absorbs attacks. (AC +1, EV +1)


Message History

The boomerang barely misses you.
The weapon returns to the orc!
You aren't carrying any potions.
Unknown command.
You're too confused!
You aren't carrying any potions.
The bat barely misses you. The orc misses you.
Natasha extends her claws.
Items here: )) [[ † a +1 mace of pain; a +0 leather armour; a +0 dagger; a +0 leather armour an orc corpse You're too confused to move!
The bat barely misses you. The orc misses you.
The orc priest begins to cast a cantrip, but forgets the words!
You bludgeon the orc!
You kill the orc!
The bat hits you but does no damage. The orc misses you.
The orc priest mumbles some strange prayers to Beogh against you.
Beogh smites you!
* * * LOW HITPOINT WARNING * * *
The orc hits you with a +0 club.
You die...

#..........
#........#
##........##
#..........#
#..........#
#.....5....#
#....ohSo..#
#..Kooobo..#
##..oo@o..##
##...)o.##
########


You could see 2 orc priests, an orc wizard, Natasha, an adder, a shadow imp
(summoned), 7 orcs, a bat and a kobold.

Vanquished Creatures
  An orc priest (D:3)
  An orc wizard (D:3)
  Natasha (D:3)
  6 adders
  An ooze (D:2)
  4 dart slugs
  3 leopard geckos
  6 orcs (D:3)
  2 ball pythons
  5 giant cockroaches
  8 goblins
  5 hobgoblins
  6 jackals
  11 kobolds
  9 bats
  6 rats
75 creatures vanquished.

Notes
Turn   | Place    | Note
-------+----------+-------------------------------------------
     0 | D:1      | DogServant the Octopode Transmuter began the quest for the
                  | Orb.
     0 | D:1      | Reached XP level 1. HP: 13/13 MP: 3/3
   170 | D:1      | Reached XP level 2. HP: 18/18 MP: 3/5
   815 | D:1      | Reached XP level 3. HP: 23/23 MP: 4/6
  1415 | D:2      | Found a faded altar of an unknown god.
  1728 | D:2      | Reached XP level 4. HP: 27/28 MP: 7/7
  1730 | D:2      | Reached skill level 4 in Unarmed Combat
  1949 | D:2      | Found a sacrificial altar of Ru.
  1999 | D:2      | Found a stormy altar of Qazlal.
  1999 | D:2      | Found a hide-covered altar of Uskayaw.
  2000 | D:2      | Found a snail-covered altar of Cheibriados.
  2007 | D:2      | Became a worshipper of Uskayaw the Reveler
  2019 | D:2      | Reached * piety under Uskayaw
  2115 | D:2      | Reached ** piety under Uskayaw
  2656 | D:3      | Reached XP level 5. HP: 25/33 MP: 6/8
  2770 | D:3      | Noticed Natasha
  2784 | D:3      | Killed Natasha
  2784 | D:3      | Reached *** piety under Uskayaw
  2845 | D:3      | Reached skill level 5 in Unarmed Combat
  2894 | D:3      | Reached XP level 6. HP: 32/38 MP: 7/9
  2899 | D:3      | Learned a level 2 spell: Sticks to Snakes
  2903 | D:3      | Learned a level 3 spell: Spider Form
  2907 | D:3      | Noticed Natasha
  2919 | D:3      | HP: 1/38 [orc priest/divine providence (12)]
  2919 | D:3      | Slain by an orc

Illustrated notes

Levels and vault maps discovered:
D:1:      dpeg_arrival_shrine, layout_basic
D:2:      layout_rooms, chequers_temple_overflow_statue_of_worship,
          chequers_ecumenical_altar_simple
D:3:      minmay_diamond_boxcup, layout_rooms, uniq_natasha

Skill      XL: |  1  2  3  4  5 |
---------------+----------------+-----
Transmutations | 3 4 |  4.4
Unarmed Combat | 4 5 |  5.0
Fighting       | |  1.0
Dodging        | |  2.0
Spellcasting   | |  2.0

Action                   |  1- 3 |  4- 6 || total
-------------------------+-------+-------++-------
Melee: Unarmed           |    82 |    90 ||   172
       Constrict         |    26 |    23 ||    49
       Kick              |    16 |    14 ||    30
       Tentacles         |    13 |    13 ||    26
       Punch             |     1 |       ||     1
 Cast: Beastly Appendage |    17 |    10 ||    27
Invok: Stomp             |       |     3 ||     3
       Line Pass         |       |     2 ||     2
  Use: Scroll            |     3 |     5 ||     8
       Potion            |       |     2 ||     2
 Stab: Sleeping          |     4 |     1 ||     5
       Confused          |       |     2 ||     2
  Eat: Chunk             |     3 |     5 ||     8
Armor: Skin              |     4 |     8 ||    12
Dodge: Dodged            |    65 |    84 ||   149
